 Dungeon Crawl Stone Soup version 0.25-a0-36-g303dd5b1f4 (webtiles) character file.

Game seed: 14794981982233368588, levelgen mode: deterministic

196 Ablot the Charmwright (level 5, -5/43 HPs)
             Began as a Gnoll Skald on Oct 19, 2019.
             Slain by a gnoll
             ... wielding a +0 halberd of protection
              (13 damage)
             ... on level 3 of the Dungeon.
             The game lasted 00:04:16 (2371 turns).

Ablot the Charmwright (Gnoll Skald)                 Turns: 2371, Time: 00:04:17

Health: -5/43      AC:  3    Str: 14    XL:     5   Next: 75%
Magic:  1/12       EV: 14    Int: 16    God:
Gold:   173        SH:  0    Dex: 14    Spells: 3/14 levels left

rFire    . . .     SeeInvis .   a - +0 spear
rCold    . . .     Gourm    .   (no shield)
rNeg     . . .     Faith    .   b - +0 leather armour
rPois    .         Spirit   .   (no helmet)
rElec    .         Reflect  .   (no cloak)
rCorr    .         Harm     .   (no gloves)
MR       +....                  (no boots)
Stlth    ++........             (no amulet)
HPRegen  1.14/turn              q - ring of protection from magic
MPRegen  0.13/turn              (no ring)

@: regenerating
A: distributed training, fangs 1, strong nose
a: no special abilities


You were on level 3 of the Dungeon.
You were not hungry.

You visited 1 branch of the dungeon, and saw 3 of its levels.

You collected 173 gold pieces.

Inventory:

Hand Weapons
 a - a +0 spear (weapon)
Missiles
 f - 197 stones
 i - 17 sling bullets
 o - 23 arrows
 r - 36 poisoned darts (quivered)
 u - 13 bolts
Armour
 b - a +0 leather armour (worn)
Jewellery
 q - a ring of protection from magic (left hand)
Scrolls
 e - a scroll of enchant armour {unknown}
 g - 2 scrolls of identify {unknown}
 h - 4 scrolls of remove curse {unknown}
 j - 2 scrolls of blinking {unknown}
 m - 4 scrolls of teleportation {unknown}
 n - a scroll of fear {unknown}
 p - a scroll of magic mapping {unknown}
 v - 2 scrolls of enchant weapon {unknown}
 x - a scroll of random uselessness {unknown}
Potions
 k - a potion of lignification {unknown}
 l - a potion of berserk rage {unknown}
 s - a potion of magic {unknown}
 t - a potion of invisibility {unknown}
 w - a potion of resistance {unknown}
Comestibles
 c - 4 chunks of flesh
 d - 5 rations


   Skills:
 + Level 4.8 Fighting
 + Level 1.6 Short Blades
 + Level 1.6 Long Blades
 + Level 1.6 Axes
 + Level 1.6 Maces & Flails
 + Level 4.8 Polearms
 + Level 1.6 Staves
 + Level 1.6 Slings
 + Level 1.6 Bows
 + Level 1.6 Crossbows
 + Level 1.6 Throwing
 + Level 3.0 Armour
 + Level 4.8 Dodging
 + Level 1.6 Stealth
 + Level 1.6 Shields
 + Level 1.6 Unarmed Combat
 + Level 5.2 Spellcasting
 + Level 1.2 Conjurations
 + Level 1.2 Hexes
 + Level 5.5 Charms
 + Level 1.2 Summonings
 + Level 1.2 Necromancy
 + Level 1.2 Translocations
 + Level 1.2 Transmutations
 + Level 1.2 Fire Magic
 + Level 1.2 Ice Magic
 + Level 1.2 Air Magic
 + Level 1.2 Earth Magic
 + Level 1.2 Poison Magic
 + Level 1.8 Invocations
 + Level 1.6 Evocations


You had 3 spell levels left.
You knew the following spells:

 Your Spells              Type           Power        Failure   Level  Hunger
a - Infusion              Chrm           ###.         1%          1    None
b - Song of Slaying       Chrm           ###.....     2%          2    #......
c - Shroud of Golubria    Chrm/Tloc      ###...       7%          2    #......
d - Regeneration          Chrm/Necr      ###.......   14%         3    ###....
e - Spectral Weapon       Hex/Chrm       ###.....     14%         3    ###....

Your spell library contained the following spells:

 Spells                   Type           Power        Failure   Level  Hunger


Dungeon Overview and Level Annotations

Branches:
Dungeon (3/15)

Altars:

Annotations:
D:3 Grinder


Innate Abilities, Weirdness & Mutations

Your experience applies equally to all skills.
You have very sharp teeth.
Your uncanny sense of smell can sniff out nearby items.


Message History

Press: ? - help, Dir - move target cursor, f/p - gnoll
Aim: a gnoll, wielding a +0 halberd of protection (severely wounded)
You reach to attack!
You hit the gnoll.
The gnoll is almost dead.
Attack whom?
Press: ? - help, Dir - move target cursor, f/p - gnoll
Aim: a gnoll, wielding a +0 halberd of protection (almost dead)
You reach to attack!
You barely miss the gnoll.
The gnoll is almost dead.
The gnoll hits you from afar with a +0 halberd of protection!
* * * LOW HITPOINT WARNING * * *
Your shroud falls apart!
Attack whom?
Press: ? - help, Dir - move target cursor, f/p - gnoll
Aim: a gnoll, wielding a +0 halberd of protection (almost dead)
You reach to attack!
You hit the gnoll but do no damage.
The gnoll is almost dead.
Your song has ended.
The gnoll hits you from afar with a +0 halberd of protection!
You die...

#.....##...#
##.....##.###
###.........#
#.+......####
#.#......#
#.#..)÷..#######
#.#............#
#.#............#
#@#............#
#)#............#
#.g.o.g......###
#######'#.o....#
#...#...#...§..#####
#.#÷#.###......'..o.
#.#...# #......##g..
#.##### ###+#..##...
#.### #.#.##....


You could see a gnoll.

Vanquished Creatures
  Jessica (D:3)
  3 gnolls (D:2)
  6 adders
  An ooze (D:3)
  2 dart slugs
  2 leopard geckos (D:3)
  3 orcs (D:3)
  A giant cockroach (D:1)
  12 goblins
  7 hobgoblins
  12 jackals
  2 quokkas (D:3)
  6 bats
  2 frilled lizards
  8 kobolds
  4 rats
72 creatures vanquished.

Notes
Turn   | Place    | Note
-------+----------+-------------------------------------------
     0 | D:1      | Ablot the Gnoll Skald began the quest for the Orb.
     0 | D:1      | Reached XP level 1. HP: 20/20 MP: 6/6
   139 | D:1      | Reached XP level 2. HP: 26/26 MP: 7/7
   143 | D:1      | Learned a level 2 spell: Song of Slaying
   146 | D:1      | Learned a level 2 spell: Shroud of Golubria
   633 | D:1      | Reached XP level 3. HP: 30/31 MP: 6/9
   638 | D:1      | Learned a level 3 spell: Regeneration
   642 | D:1      | Learned a level 3 spell: Spectral Weapon
   648 | D:1      | Reached skill level 5 in Spellcasting
   935 | D:2      | Reached skill level 1 in Invocations
   950 | D:2      | Reached skill level 1 in Short Blades
   950 | D:2      | Reached skill level 1 in Long Blades
   950 | D:2      | Reached skill level 1 in Axes
   950 | D:2      | Reached skill level 1 in Maces & Flails
   950 | D:2      | Reached skill level 1 in Staves
   950 | D:2      | Reached skill level 1 in Slings
   950 | D:2      | Reached skill level 1 in Bows
   950 | D:2      | Reached skill level 1 in Crossbows
   950 | D:2      | Reached skill level 1 in Throwing
   950 | D:2      | Reached skill level 1 in Stealth
   950 | D:2      | Reached skill level 1 in Shields
   950 | D:2      | Reached skill level 1 in Unarmed Combat
   950 | D:2      | Reached skill level 1 in Evocations
  1215 | D:2      | Reached XP level 4. HP: 24/38 MP: 2/11
  1304 | D:2      | Reached skill level 1 in Conjurations
  1304 | D:2      | Reached skill level 1 in Hexes
  1304 | D:2      | Reached skill level 1 in Summonings
  1304 | D:2      | Reached skill level 1 in Necromancy
  1304 | D:2      | Reached skill level 1 in Translocations
  1304 | D:2      | Reached skill level 1 in Transmutations
  1304 | D:2      | Reached skill level 1 in Fire Magic
  1304 | D:2      | Reached skill level 1 in Ice Magic
  1304 | D:2      | Reached skill level 1 in Air Magic
  1304 | D:2      | Reached skill level 1 in Earth Magic
  1304 | D:2      | Reached skill level 1 in Poison Magic
  1753 | D:3      | Noticed Jessica
  1761 | D:3      | Reached XP level 5. HP: 40/43 MP: 4/12
  1788 | D:3      | Killed Jessica
  2318 | D:3      | Noticed Grinder
  2371 | D:3      | Slain by a gnoll

Levels and vault maps discovered:
D:1:      grunt_arrival_crossed_arrows, layout_basic
D:2:      layout_basic, first_ration
D:3:      layout_basic, uniq_grinder, uniq_jessica

Skill      XL: |  1  2  3  4  5 |
---------------+----------------+-----
Spellcasting   | 5 |  5.2
Invocations    | 1 |  1.8
Short Blades   | 1 |  1.6
Long Blades    | 1 |  1.6
Axes           | 1 |  1.6
Maces & Flails | 1 |  1.6
Staves         | 1 |  1.6
Slings         | 1 |  1.6
Bows           | 1 |  1.6
Crossbows      | 1 |  1.6
Throwing       | 1 |  1.6
Stealth        | 1 |  1.6
Shields        | 1 |  1.6
Unarmed Combat | 1 |  1.6
Evocations     | 1 |  1.6
Conjurations   | 1 |  1.2
Hexes          | 1 |  1.2
Summonings     | 1 |  1.2
Necromancy     | 1 |  1.2
Translocations | 1 |  1.2
Transmutations | 1 |  1.2
Fire Magic     | 1 |  1.2
Ice Magic      | 1 |  1.2
Air Magic      | 1 |  1.2
Earth Magic    | 1 |  1.2
Poison Magic   | 1 |  1.2
Armour         | 3 |  3.0
Fighting       | |  4.8
Polearms       | |  4.8
Dodging        | |  4.8
Charms         | |  5.5

Action                   |  1- 3 |  4- 6 || total
-------------------------+-------+-------++-------
Melee: Spear             |   110 |   129 ||   239
       Bite              |     5 |     8 ||    13
 Cast: Shroud of Golubri |    10 |    11 ||    21
       Song of Slaying   |     2 |     4 ||     6
       Spectral Weapon   |     1 |     6 ||     7
       Infusion          |     1 |     1 ||     2
       Regeneration      |       |     3 ||     3
 Stab: Sleeping          |     1 |     5 ||     6
       Distracted        |       |     1 ||     1
  Eat: Chunk             |     1 |     5 ||     6
Armor: Leather armour    |    12 |    10 ||    22
Dodge: Dodged            |    51 |    58 ||   109

Table legend:
 A = Non-vault XP
 B = Vault XP
 C = Vault XP percentage of total XP
 D = Non-vault monster count
 E = Vault monster count
 F = Vault count percentage of total count
                 A         B        C        D         E       F
            +---------+---------+-------+---------+---------+-------
      Total |     244 |      37 |  13.2 |      71 |       1 |   1.4
            +---------+---------+-------+---------+---------+-------
        D:1 |      38 |       0 |   0.0 |      22 |       0 |   0.0
        D:2 |     110 |       0 |   0.0 |      21 |       0 |   0.0
        D:3 |      96 |      37 |  27.8 |      28 |       1 |   3.4
            +---------+---------+-------+---------+---------+-------
